 Dungeon Crawl Stone Soup version 0.17-a0-1132-g5dd4065 (webtiles) character file.

2322 MonkeyBuisness the Covered (level 9, -9/84 HPs)
             Began as a Gargoyle Fighter on May 25, 2015.
             Was a Follower of Okawaru.
             Mangled by an orc warlord
             ... wielding a +0 great sword
              (14 damage)
             ... in a bailey.
             The game lasted 00:29:14 (7586 turns).

MonkeyBuisness the Covered (Gargoyle Fighter)       Turns: 7586, Time: 00:29:14

Health: -9/84      AC: 24    Str: 24    XL:     9   Next: 42%
Magic:  9/9        EV:  2    Int: 10    God:    Okawaru [*.....]
Gold:   297        SH: 13    Dex: 12    Spells: 0 memorised, 8 levels left

rFire  . . .     SeeInvis .     p - +2 hammer (crush)
rCold  . . .     Clarity  .     (armour currently unavailable)
rNeg   + + +     SustAt   .     c - +0 shield
rPois  ∞         Gourm    .     (helmet currently unavailable)
rElec  .         Spirit   .     (cloak currently unavailable)
rCorr  .         Warding  .     (gloves currently unavailable)
rMut   .         NoTele   +     (boots currently unavailable)
MR     .....                    (no amulet)
Stlth  ++++......               (no ring)
                                (no ring)

@: mighty, tree-form, heroism, not resistant to hostile enchantments, stealthy
A: negative energy resistance 1, (electricity resistance), (unbreathing),
petrification resistance, rot immunity, AC +5
a: Heroism, Renounce Religion


You were in a bailey.
You worshipped Okawaru.
Okawaru was aware of your devotion.
You were not hungry.
You were a tree.
You visited 2 branches of the dungeon, and saw 8 of its levels.
You also visited: Bailey.

You collected 297 gold pieces.

Inventory:

Hand weapons
 d - a +4 flail of holy wrath
   (You took it off Edmund on level 4 of the Dungeon)
 p - a +2 hammer of crushing (weapon)
   (You found it on level 6 of the Dungeon)
Armour
 b - a +0 scale mail (melded)
 c - a +0 shield (worn)
 j - a +2 pair of gloves (melded)
   (You found it on level 1 of the Dungeon)
 B - a +2 cloak of magic resistance (melded)
   (You took it off Crazy Yiuf on level 6 of the Dungeon)
Jewellery
 n - an uncursed ring of stealth {unknown}
   (You found it on level 5 of the Dungeon)
 z - an uncursed amulet of rage {unknown}
   (You found it on level 6 of the Dungeon)
 C - an uncursed ring of protection from fire {unknown}
   (You found it on level 7 of the Dungeon)
Magical devices
 a - a wand of digging (12)
   (You found it on level 4 of the Dungeon)
Scrolls
 f - 3 scrolls of remove curse
 h - 2 scrolls of enchant weapon {unknown}
 m - a scroll of blinking {!r}
 o - a scroll of teleportation
 x - 2 scrolls of enchant armour
 y - a scroll of amnesia
 A - a scroll of identify
Potions
 i - 3 potions of lignification {!q}
 k - 4 potions of curing {unknown}
 l - 2 potions of magic {unknown}
 q - 3 potions of poison {unknown}
 r - 4 potions of haste {unknown}
 s - a potion of resistance {unknown}
Comestibles
 e - a bread ration {@e1}
 g - 2 fruits
 t - a slice of pizza
 u - 4 beef jerkies
 w - a meat ration {@e2}


   Skills:
 + Level 6.8(11.8) Fighting
 + Level 5.6(10.6) Maces & Flails
 + Level 7.3(12.3) Armour
 + Level 4.2(9.2) Dodging
 + Level 6.7(11.7) Shields


You had 8 spell levels left.
You didn't know any spells.

Dungeon Overview and Level Annotations

Branches:
Dungeon (7/15)             Temple (1/1) D:6

Altars:
Ashenzari
Cheibriados
Dithmenos
Elyvilon
Fedhas
Gozag
Kikubaaqudgha
Okawaru
Qazlal
Ru
Sif Muna
Trog
Vehumet
Xom
Yredelemnul
Zin
The Shining One

Shops:
D:6 *   D:7 *!


Innate Abilities, Weirdness & Mutations

You are resistant to torment.
((Your stone body is resilient (AC +5).))
You are immune to poison.
You resist negative energy.
((You are resistant to electric shocks.))
((You can survive without breathing.))
You are immune to petrification.
You are immune to rotting.


Message History

You barely miss the goblin. You block the goblin's attack.
You closely miss the goblin. You block the goblin's attack.
You closely miss the goblin. You block the goblin's attack.
You hit the goblin but do no damage. The goblin hits you but does no damage.
You sock the goblin!
You kill the goblin!
No target in view!
No target in view!
Things that are here:
a hand axe; a leather armour; a goblin corpse You open the door.
There is an open door here.
There is an open door here.
There is a fountain of clear blue water here.
There is an open door here.
There is an open door, spattered with blood here.
Items here: )))))))) [[[[[[[[ †††† As you open the door, it creaks loudly! 3 orcs, 5 orc warriors and an orc warlord come into view.
The orc warrior shouts!
The orc warlord shouts!
The orc warrior shouts!
The orc warrior shouts! x2
The orc shouts!
You hear a shout!
A hobgoblin comes into view. It is wielding a hand axe.
The hobgoblin shouts!
You hear a shout!
You hear a shout!
You hear a shout!
An orc and an orc warrior come into view.
Health restored: 56 An orc warrior comes into view.
It is wielding a battleaxe.
The orc warrior shouts!
The orc warlord roars a battlecry!
The orcs go into a battle-frenzy!
You hit the orc but do no damage. The orc hits you but does no damage.
An orc warrior comes into view. It is wielding a war axe.
You closely miss the orc.
An orc comes into view. It is wielding a hand axe.
You closely miss the orc warrior. You closely miss the orc warrior.
The orc warrior hits you with a hand axe!
You take 7 damage, and have 49/56 hp.
You gain the combat prowess of a mighty hero.
You feel slightly more hungry. You block the orc warrior's attack.
You now have 7/9 mp.
You hit the orc warrior. You block the orc warrior's attack.
You sock the orc warrior! You hit the orc warrior.
You block the orc warrior's attack.
You closely miss the orc warrior. You block the orc warrior's attack.
You miss the orc warrior. You thump the orc warrior!
You kill the orc warrior!
Okawaru accepts your kill.
You feel very mighty all of a sudden.
The orc warrior hits you with a battleaxe!!
You take 23 damage, and have 27/56 hp.
MASSIVE DAMAGE!!
You sock the orc warrior! You closely miss the orc warrior.
The orc warrior hits you with a battleaxe!
You take 10 damage, and have 17/56 hp.
You sock the orc warrior! You hit the orc warlord. You thump the orc warlord!
You block the orc warlord's attack.
You sock the orc warlord! You sock the orc warlord!
The orc warlord hits you but does no damage.
You thump the orc warlord!
The orc warlord roars a battlecry!
The orcs go into a battle-frenzy!
The orc warlord completely misses you.
You hit the orc warlord.
You hit the orc warlord but do no damage.
The orc warlord completely misses you.
You completely miss the orc warlord. You closely miss the orc warlord.
The orc warlord roars a battlecry!
The orcs go into a battle-frenzy!
The orc warlord hits you with a great sword!
* * * LOW HITPOINT WARNING * * *
You take 16 damage, and have 2/56 hp.
MASSIVE DAMAGE!!
It was a potion of lignification.
You turn into a tree.
Your +2 cloak of magic resistance melds into your body.
Your +2 pair of gloves melds into your body.
Your +0 scale mail melds into your body.
You feel less resistant to hostile enchantments.
Your roots penetrate the ground.
You block the orc warlord's attack.
You now have 3/84 hp.
You sock the orc warlord!
MP restored: 9 You hit the orc warlord.
The orc warlord barely misses you.
You sock the orc warlord!
The orc warlord hits you but does no damage.
You hit the orc warlord. You hit the orc warlord.
You block the orc warlord's attack.
You barely miss the orc warlord. You barely miss the orc warlord.
You block the orc warlord's attack.
You hit the orc warlord. You sock the orc warlord!
The orc warlord hits you but does no damage.
You hit the orc warlord but do no damage.
The orc warlord hits you with a great sword!
You die... ##.))..## ##..)..## ##)####...........####'## ##.....##.........##..)..## #.......#....o....#...)...# ##.......##..ooo..##..))...## #.........# ooooo #.........# ##.........## goo

##.........##
#.....⌠.....###o###.....⌠.....#
##......)..##88♣88##.........##
#.........#.......#.........#
##.....).##.......##.......##
#......)'.........).......#
##.....##........)##.....##
#######.....⌠.....#######
##.........## #.........#
##.......##


You could see an orc warlord, 7 orc warriors, 4 orcs and a hobgoblin.

Vanquished Creatures
  The ghost of Tarnath the Firebug, an average OgFE of Fedhas (D:4)
  Edmund (D:4)
  6 orc warriors
  2 ice beasts (D:6)
  A centaur (D:6)
  Blork the orc (D:6)
  A giant frog (D:7)
  3 scorpions
  5 wights
  2 jellies (D:6)
  A giant frog zombie (D:6)
  Crazy Yiuf (D:6)
  An orc priest (D:4)
  2 orc wizards
  Terence (D:3)
  2 iguanas
  5 worker ants
  Robin (D:3)
  8 adders
  13 gnolls (Bailey)
  An ooze (D:4)
  3 worms
  3 giant geckos
  22 orcs
  21 goblins
  28 hobgoblins
  4 jackals (D:2)
  16 kobolds
  A quokka (D:2)
  2 ball pythons (D:2)
  12 bats
  3 giant cockroaches
  8 giant newts
  2 quokka skeletons (D:6)
  14 rats
198 creatures vanquished.

Notes
Turn   | Place    | Note
--------------------------------------------------------------
     0 | D:1      | MonkeyBuisness the Gargoyle Fighter began the quest for the Orb.
     0 | D:1      | Reached XP level 1. HP: 14/14 MP: 1/1
   257 | D:1      | Reached XP level 2. HP: 19/19 MP: 2/2
   779 | D:2      | Reached XP level 3. HP: 23/23 MP: 3/3
   884 | D:2      | Reached skill level 4 in Armour
  1376 | D:2      | Reached XP level 4. HP: 15/28 MP: 4/4
  2127 | D:3      | Reached skill level 1 in Dodging
  2142 | D:3      | Noticed Robin
  2166 | D:3      | Killed Robin
  2245 | D:3      | Reached XP level 5. HP: 33/33 MP: 5/5
  2450 | D:3      | Noticed Terence
  2455 | D:3      | Killed Terence
  2455 | D:3      | Reached skill level 4 in Fighting
  2462 | D:3      | Reached skill level 4 in Shields
  2773 | D:3      | Found a sacrificial altar of Ru.
  2773 | D:3      | Found an ancient bone altar of Kikubaaqudgha.
  3052 | D:4      | Reached skill level 3 in Maces & Flails
  3052 | D:4      | Reached XP level 6. HP: 39/39 MP: 6/6
  3091 | D:4      | Noticed Edmund
  3109 | D:4      | Killed Edmund
  3109 | D:4      | Reached skill level 5 in Armour
  3522 | D:4      | Reached skill level 2 in Dodging
  3522 | D:4      | Reached XP level 7. HP: 32/44 MP: 7/7
  3656 | D:4      | Noticed Tarnath's ghost (average OgFE)
  3670 | D:4      | Killed Tarnath's ghost
  3670 | D:4      | Reached skill level 5 in Fighting
  3879 | D:5      | Entered Level 5 of the Dungeon
  4288 | D:5      | Reached skill level 5 in Shields
  4664 | D:5      | Reached skill level 4 in Maces & Flails
  4743 | D:6      | Found a staircase to the Ecumenical Temple.
  4769 | Temple   | Entered the Ecumenical Temple
  5050 | Temple   | Became a worshipper of Warmaster Okawaru
  5078 | D:6      | Found Asiextaa's Assorted Antiques.
  5156 | D:6      | Reached XP level 8. HP: 36/49 MP: 8/8
  5161 | D:6      | Reached skill level 6 in Armour
  5182 | D:6      | Reached skill level 3 in Dodging
  5425 | D:6      | Noticed Blork the orc
  5434 | D:6      | Killed Blork the orc
  5434 | D:6      | Acquired Okawaru's first power
  5563 | D:6      | Found a glowing golden altar of the Shining One.
  5611 | D:6      | Found a shimmering altar of Xom.
  5614 | D:6      | Found a shimmering altar of Xom.
  5620 | D:6      | Found a shimmering altar of Xom.
  5621 | D:6      | Found a shimmering altar of Xom.
  6081 | D:6      | Noticed Crazy Yiuf
  6086 | D:6      | Killed Crazy Yiuf
  6086 | D:6      | Reached skill level 5 in Maces & Flails
  6183 | D:6      | Reached skill level 6 in Shields
  6524 | D:7      | Found Jaigig's Distillery.
  6541 | D:7      | Reached skill level 6 in Fighting
  6609 | D:7      | Found Ylagasu's General Store.
  6641 | D:7      | Reached XP level 9. HP: 52/55 MP: 9/9
  6705 | D:7      | Found a flagged portal.
  6719 | Bailey   | Entered a bailey
  6805 | Bailey   | Reached skill level 7 in Armour
  7111 | Bailey   | Reached skill level 4 in Dodging
  7138 | Bailey   | HP: 13/56 [orc warrior/war axe (5)]
  7159 | Bailey   | HP: 3/56 [orc warrior/war axe (13)]
  7549 | Bailey   | Noticed an orc warlord
  7575 | Bailey   | HP: 2/56 [orc warlord/great sword (17)]
  7586 | Bailey   | Mangled by an orc warlord

Vault maps used:
D:1:      minmay_arrival_solitary_statue, minmay_misc_feat_columns,
          roderic_roman_lattice
D:2:      first_bread
D:3:      gammafunk_temple_overflow_elements, uniq_robin, uniq_terence
D:4:      uniq_edmund
D:6:      tso_oasis_becter, minmay_temple_entry_crystal_x, serial_shops,
          nicolae_shop_crystal, xom_redecorated, uniq_crazy_yiuf_cottage,
          uniq_blork_the_orc
D:7:      corexii_shack_village, serial_shops, nicolae_shop_stone,
          nicolae_shop_trees, enter_bailey_3
Temple:   chambers_temple_14
Bailey:   bailey_axe_minmay_hex_keep, bailey

Action                   |  1- 3 |  4- 6 |  7- 9 || total
-------------------------+-------+-------+-------++-------
Melee: Flail             |   142 |   265 |   151 ||   558
       Hammer            |       |       |   344 ||   344
Invok: Heroism           |       |       |     2 ||     2
  Use: Scroll            |       |     6 |     6 ||    12
       Potion            |       |     1 |     3 ||     4
  Eat: Bread ration      |       |     2 |     2 ||     4
       Fruit             |       |     2 |       ||     2
       Meat ration       |       |       |     2 ||     2

Vault maps used:
D:1:      minmay_arrival_solitary_statue, minmay_misc_feat_columns,
          roderic_roman_lattice
D:2:      first_bread
D:3:      gammafunk_temple_overflow_elements, uniq_robin, uniq_terence
D:4:      uniq_edmund
D:6:      tso_oasis_becter, minmay_temple_entry_crystal_x, serial_shops,
          nicolae_shop_crystal, xom_redecorated, uniq_crazy_yiuf_cottage,
          uniq_blork_the_orc
D:7:      corexii_shack_village, serial_shops, nicolae_shop_stone,
          nicolae_shop_trees, enter_bailey_3
Temple:   chambers_temple_14
Bailey:   bailey_axe_minmay_hex_keep, bailey

Table legend:
 A = Turns spent in this place as a percentage of turns spent in the entire game.
 B = Non-inter-level travel turns spent in this place as a percentage of non-inter-level travel turns spent in the entire game.
 C = Inter-level travel turns spent in this place as a percentage of turns spent in this place.
 D = Turns resting spent in this place as a percentage of non-inter-level travel turns spent in this place.
 E = Turns spent auto-exploring this place as a percentage of non-inter-level travel turns spent in this place.
 F = Non-inter-level travel turns spent in this place divided by the number of levels of this place that you've seen.
                   A       B       C       D       E      F
               +-------+-------+-------+-------+-------+----------------------
         Total | 100.0 | 100.0 |   0.5 |   1.9 |  10.6 | 239.4
       Dungeon |  79.3 |  79.2 |   0.5 |   2.0 |  11.1 | 243.9
        Temple |   1.7 |   1.6 |   2.8 |   0.0 |  57.1 |  35.0
        Bailey |  19.1 |  19.2 |   0.0 |   1.5 |   4.6 | 413.0
               +-------+-------+-------+-------+-------+----------------------

Table legend:
 A = Kills in this place as a percentage of kills in entire the game.
 B = Kills by you in this place as a percentage of kills by you in the entire game.
 C = Kills by friends in this place as a percentage of kills by friends in the entire game.
 D = Other kills in this place as a percentage of other kills in the entire game.
 E = Experience gained in this place as a percentage of experience gained in the entire game.
 F = Experience gained in this place divided by the number of levels of this place that you have seen.
                   A       B       C       D       E      F
               +-------+-------+-------+-------+-------+----------------------
         Total | 100.0 | 100.0 |  -nan |  -nan | 100.0 | 368.7
       Dungeon |  72.2 |  72.2 |  -nan |  -nan |  72.3 | 342.9
        Bailey |  27.8 |  27.8 |  -nan |  -nan |  27.7 | 918.0
               +-------+-------+-------+-------+-------+----------------------
